 Dungeon Crawl Stone Soup version 0.29-a0-352-g0917bc69df (webtiles) character file.

Game seed: 8009968900993403430

165 101zpm the Gusty (level 5, 0/37 HPs)
             Began as a Gnoll Air Elementalist on Apr 24, 2022.
             Slain by an ufetubus (5 damage)
             ... on level 3 of the Dungeon.
             The game lasted 00:05:33 (2929 turns).

101zpm the Gusty (Gnoll Air Elementalist)           Turns: 2929, Time: 00:05:34

Health: 0/37       AC:  2    Str:  7    XL:     5   Next: 46%
Magic:  6/12       EV: 13    Int: 16    God:
Gold:   134        SH:  0    Dex: 13    Spells: 13/14 levels left

rFire   . . .      SeeInvis .     - Unarmed
rCold   . . .      Faith    .   (no shield)
rNeg    . . .      Spirit   .   a - +0 robe
rPois   .          Reflect  .   (no helmet)
rElec   .          Harm     .   j - scarf {repulsion}
rCorr   .          Rampage  .   (no gloves)
Will    .....                   (no boots)
Stlth   +++.......              (no amulet)
HPRegen 0.12/turn               (no ring)
MPRegen 0.13/turn               (no ring)

@: very slightly contaminated, repel missiles
A: fangs 1, strong nose, distributed training
a: no special abilities


You were on level 3 of the Dungeon.
You visited 1 branch of the dungeon, and saw 4 of its levels.

You collected 134 gold pieces.

Inventory:

Armour
 a - a +0 robe (worn)
 j - a scarf of repulsion (worn)
Jewellery
 n - a ring of see invisible
Scrolls
 c - a scroll of blinking {unknown}
 g - a scroll of fog {unknown}
 h - a scroll of teleportation {unknown}
 i - 2 scrolls of vulnerability {unknown}
 l - 3 scrolls of identify {unknown}
 m - a scroll of amnesia {unknown}
Potions
 b - 2 potions of magic
 d - 3 potions of resistance {unknown}
 e - a potion of might {unknown}
 f - a potion of invisibility {unknown}
 k - a potion of degeneration {unknown}
 o - a potion of lignification {unknown}


   Skills:
 + Level 1.5 Fighting
 + Level 1.5 Short Blades
 + Level 1.5 Long Blades
 + Level 1.5 Axes
 + Level 1.5 Maces & Flails
 + Level 1.5 Polearms
 + Level 1.5 Staves
 + Level 1.5 Slings
 + Level 1.5 Bows
 + Level 1.5 Crossbows
 + Level 1.5 Throwing
 + Level 1.5 Armour
 + Level 4.8 Dodging
 + Level 4.4 Stealth
 + Level 1.5 Shields
 + Level 1.5 Unarmed Combat
 + Level 5.2 Spellcasting
 + Level 2.4 Conjurations
 + Level 1.2 Hexes
 + Level 1.2 Summonings
 + Level 1.2 Necromancy
 + Level 1.2 Translocations
 + Level 1.2 Transmutations
 + Level 1.2 Fire Magic
 + Level 1.2 Ice Magic
 + Level 5.5 Air Magic
 + Level 1.2 Earth Magic
 + Level 1.2 Poison Magic
 + Level 1.7 Invocations
 + Level 1.5 Evocations


You had 13 spell levels left.
You knew the following spells:

 Your Spells              Type           Power      Damage    Failure   Level
a - Shock                 Conj/Air       64%        1d7       3%          1

Your spell library contained the following spells:

 Spells                   Type           Power      Damage    Failure   Level
 Static Discharge         Conj/Air       16%        N/A       4%          2
 Swiftness                Air            22%        N/A       4%          3
 Airstrike                Air            11%        N/A       16%         4


Dungeon Overview and Level Annotations

Branches:
Dungeon (4/15)
 Temple: D:4-7

Altars:
Nemelex Xobeh


Innate Abilities, Weirdness & Mutations

You have very sharp teeth.
Your uncanny sense of smell can sniff out nearby items.
Your experience applies equally to all skills.


Message History

* * * LOW HITPOINT WARNING * * *
The ufetubus barely misses you. The ufetubus attacks as you move away!
The ufetubus misses you. The ufetubus hits you.
* * * LOW HITPOINT WARNING * * *
Aiming: Shock (safe; 3% risk of failure)
Press: ? - help, Q - select action Shift-Dir - straight line The zap hits the ufetubus.
The ufetubus is lightly wounded.
The zap hits the gnoll!
The gnoll is heavily wounded.
The zap hits the giant cockroach.
You kill the giant cockroach!
The ufetubus misses you. The ufetubus hits you.
* * * LOW HITPOINT WARNING * * *
The ufetubus misses you. The ufetubus barely misses you.
Aiming: Shock (safe; 3% risk of failure)
Press: ? - help, Q - select action Shift-Dir - straight line The zap hits the ufetubus.
The ufetubus is moderately wounded.
The zap hits the gnoll.
You kill the gnoll!
The ufetubus hits you but does no damage.
The ufetubus barely misses you.
Aiming: Shock (safe; 3% risk of failure)
Press: ? - help, Q - select action Shift-Dir - straight line You miscast Shock.
You are very lightly contaminated with residual magic.
Nothing appears to happen.
The ufetubus barely misses you. The ufetubus closely misses you. x3
Aiming: Shock (safe; 3% risk of failure)
Press: ? - help, Q - select action Shift-Dir - straight line The zap hits the ufetubus.
The ufetubus is severely wounded.
The ufetubus misses you. The ufetubus closely misses you.
Aiming: Shock (safe; 3% risk of failure)
Press: ? - help, Q - select action Shift-Dir - straight line You miscast Shock.
Nothing appears to happen.
The ufetubus hits you.
You die...

##.......## ##.##.#
##.....## #####.####
##...## #........#
##'########.###.##.#
### #..........#
#.##.# ..#
#.#######..# #.##.#
#.####.##### #..#
#.##.# #..........#
#..###†##.#
..##.....#.#
#..@5>....#
#.###...##.#
#.####.#### #.#
##.###.###.####.#
#.# #..............#
..# #.##############
### #.# # #.# # #.#
### #.#


You could see an ufetubus.

Vanquished Creatures
  An orc priest (D:3)
  3 adders
  5 gnolls
  A worm (D:2)
  3 dart slugs
  4 orcs (D:3)
  A bat (D:3)
  4 endoplasms
  2 giant cockroaches (D:3)
  4 goblins
  2 hobgoblins (D:3)
  3 jackals (D:1)
  3 kobolds
  3 quokkas
  4 ball pythons
  A frilled lizard (D:3)
  5 rats
49 creatures vanquished.

Vanquished Creatures (others)
  2 plants (D:2)
2 creatures vanquished.

Grand Total: 51 creatures vanquished

Notes
Turn   | Place    | Note
-------+----------+-------------------------------------------
     0 | D:1      | 101zpm the Gnoll Air Elementalist began the quest for the
                  | Orb.
     0 | D:1      | Reached XP level 1. HP: 13/13 MP: 6/6
    71 | D:2      | Found a faded altar of an unknown god.
   417 | D:3      | Reached XP level 2. HP: 19/19 MP: 3/7
   847 | D:3      | Reached XP level 3. HP: 25/25 MP: 5/9
   969 | D:3      | Reached skill level 5 in Spellcasting
  1359 | D:3      | Reached skill level 1 in Fighting
  1359 | D:3      | Reached skill level 1 in Short Blades
  1359 | D:3      | Reached skill level 1 in Long Blades
  1359 | D:3      | Reached skill level 1 in Axes
  1359 | D:3      | Reached skill level 1 in Maces & Flails
  1359 | D:3      | Reached skill level 1 in Polearms
  1359 | D:3      | Reached skill level 1 in Staves
  1359 | D:3      | Reached skill level 1 in Slings
  1359 | D:3      | Reached skill level 1 in Bows
  1359 | D:3      | Reached skill level 1 in Crossbows
  1359 | D:3      | Reached skill level 1 in Throwing
  1359 | D:3      | Reached skill level 1 in Armour
  1359 | D:3      | Reached skill level 1 in Shields
  1359 | D:3      | Reached skill level 1 in Unarmed Combat
  1359 | D:3      | Reached skill level 1 in Invocations
  1359 | D:3      | Reached skill level 1 in Evocations
  1359 | D:3      | Reached XP level 4. HP: 15/32 MP: 3/11
  1771 | D:2      | Reached skill level 1 in Hexes
  1771 | D:2      | Reached skill level 1 in Summonings
  1771 | D:2      | Reached skill level 1 in Necromancy
  1771 | D:2      | Reached skill level 1 in Translocations
  1771 | D:2      | Reached skill level 1 in Transmutations
  1771 | D:2      | Reached skill level 1 in Fire Magic
  1771 | D:2      | Reached skill level 1 in Ice Magic
  1771 | D:2      | Reached skill level 1 in Earth Magic
  1771 | D:2      | Reached skill level 1 in Poison Magic
  2087 | D:2      | Found a sparkling altar of Nemelex Xobeh.
  2162 | D:2      | Reached XP level 5. HP: 36/37 MP: 4/12
  2859 | D:1      | You fall into a shaft and drop 1 floor!
  2929 | D:3      | Slain by an ufetubus

Illustrated notes

Levels and vault maps discovered:
D:1:      lemuel_arrival_hallway, layout_basic
D:2:      layout_basic, shapermc_ecumenical_altar_mp_ritualfount, basic_altar
D:3:      layout_loops_corners, solitary_fountain, solitary_fountain
D:4:      layout_loops_ring

Skill      XL: |  1  2  3  4 |
---------------+-------------+-----
Conjurations   | 2 |  2.4
Spellcasting   | 5 |  5.2
Fighting       | 1 |  1.5
Short Blades   | 1 |  1.5
Long Blades    | 1 |  1.5
Axes           | 1 |  1.5
Maces & Flails | 1 |  1.5
Polearms       | 1 |  1.5
Staves         | 1 |  1.5
Slings         | 1 |  1.5
Bows           | 1 |  1.5
Crossbows      | 1 |  1.5
Throwing       | 1 |  1.5
Armour         | 1 |  1.5
Shields        | 1 |  1.5
Unarmed Combat | 1 |  1.5
Invocations    | 1 |  1.7
Evocations     | 1 |  1.5
Hexes          | 1 |  1.2
Summonings     | 1 |  1.2
Necromancy     | 1 |  1.2
Translocations | 1 |  1.2
Transmutations | 1 |  1.2
Fire Magic     | 1 |  1.2
Ice Magic      | 1 |  1.2
Earth Magic    | 1 |  1.2
Poison Magic   | 1 |  1.2
Dodging        | |  4.8
Stealth        | |  4.4
Air Magic      | |  5.5

Action                   |  1- 3 |  4- 6 || total
-------------------------+-------+-------++-------
Melee: Unarmed           |       |     3 ||     3
       Bite              |       |     1 ||     1
 Cast: Shock             |    48 |    65 ||   113
Armor: Robe              |     2 |     5 ||     7
Dodge: Dodged            |     2 |    29 ||    31
       Repelled          |       |     1 ||     1

Table legend: (Time is in decaauts)
 A = Elapsed time spent in this place.
 B = Non-inter-level travel time spent in this place.
 C = Inter-level travel time spent in this place.
 D = Time resting spent in this place.
 E = Time spent auto-exploring this place.
 F = Levels seen in this place.
 G = Mean time per level.
                   A        B        C        D        E       F      G
               +--------+--------+--------+--------+--------+-----+--------+
         Total |   2930 |   2772 |    158 |    263 |   2188 |   4 |  732.5 |
       Dungeon |   2930 |   2772 |    158 |    263 |   2188 |   4 |  732.5 |
               +--------+--------+--------+--------+--------+-----+--------+

Top non-repeatable levels by time:
     D:3: 1372 daAuts
     D:2: 1364 daAuts
     D:1: 171 daAuts
     D:4: 21 daAuts
